[ PARTIDA AOE2 · #480079597 ]
UnrankedBúlgaros vs Malians
[ ANÁLISIS DE REPETICIÓN · EXTRAÍDO DE LA PARTIDA GRABADA ]
Feudal
9:40
Castillos
22:07
Imperial
—
| APM promedio | 40.3 |
| APM pico | 70 |
| eAPM promedio | 25.1 |
| Aldeanos / militares | 156 / 69 |
Foco
⚔️ 40.8% · 🌾 59.2%
Cavalry Archer ×59 · Archer ×5 · Militia ×5
Feudal
11:46
Castillos
15:53
Imperial
37:10
| APM promedio | 38.8 |
| APM pico | 74 |
| eAPM promedio | 16.5 |
| Aldeanos / militares | 115 / 33 |
Foco
⚔️ 32.3% · 🌾 67.7%
Gbeto ×24 · Petard ×8 · Archer ×1
Feudal
11:16
Castillos
18:23
Imperial
35:28
| APM promedio | 32.7 |
| APM pico | 78 |
| eAPM promedio | 20.2 |
| Aldeanos / militares | 141 / 57 |
Foco
⚔️ 27.3% · 🌾 72.7%
Knight ×53 · Mangonel ×3 · Scout Cavalry ×1
Feudal
12:07
Castillos
16:02
Imperial
30:46
| APM promedio | 33.2 |
| APM pico | 80 |
| eAPM promedio | 22.6 |
| Aldeanos / militares | 138 / 149 |
Foco
⚔️ 37.7% · 🌾 62.3%
Obuch ×75 · Archer ×54 · Knight ×7 · Mangonel ×5 · Trebuchet (Packed) ×5 · Scorpion ×1
Feudal
9:25
Castillos
24:10
Imperial
37:49
| APM promedio | 28.9 |
| APM pico | 63 |
| eAPM promedio | 19.7 |
| Aldeanos / militares | 109 / 34 |
Foco
⚔️ 23.2% · 🌾 76.8%
Fishing Ship ×51 · Spearman ×30 · Galley ×2 · Bombard Cannon ×2
Feudal
11:29
Castillos
14:59
Imperial
28:31
| APM promedio | 49.8 |
| APM pico | 97 |
| eAPM promedio | 23.6 |
| Aldeanos / militares | 117 / 110 |
Foco
⚔️ 29.3% · 🌾 70.7%
Urumi Swordsman ×87 · Fishing Ship ×49 · Mangonel ×15 · Trade Cart ×15 · Bombard Cannon ×4 · Trebuchet (Packed) ×3
Feudal
9:12
Castillos
19:44
Imperial
31:52
| APM promedio | 42.2 |
| APM pico | 97 |
| eAPM promedio | 22.3 |
| Aldeanos / militares | 147 / 95 |
Foco
⚔️ 32.6% · 🌾 67.4%
Knight ×55 · Kipchak ×24 · Battering Ram ×6 · Petard ×4 · Trebuchet (Packed) ×4 · Monk ×2
Feudal
10:13
Castillos
20:47
Imperial
31:55
| APM promedio | 47.9 |
| APM pico | 91 |
| eAPM promedio | 25.5 |
| Aldeanos / militares | 170 / 33 |
Foco
⚔️ 27.6% · 🌾 72.4%
Scorpion ×17 · Mangonel ×8 · Militia ×6 · Monk ×1 · Scout Cavalry ×1
Mapa de la partida
Recursos iniciales + cada clic de construcción. Líneas = muros · curvas = relieve. ◆ oro · ⬟ piedra · ● bayas · ✦ reliquia · ◌ hueco del cierre
Tu base· ✓ Cerrada en 22:07 · 18t muro · 2 puerta(s)
Base de Bonkershealer· ✓ Cerrada en 15:53 · 1t muro · 1 puerta(s) · frágil
Base de Mushu· ✓ Cerrada en 18:23 · 74t muro · 1 puerta(s) · frágil
Base de rhinodog· ✓ Cerrada en 16:02 · 15t muro · frágil
Base de TheBoogeyman· ✓ Cerrada en 24:10 · 34t muro · 2 puerta(s)
Base de Rooster· ✓ Cerrada en 14:59 · 5t muro · frágil
Base de MembTV· ✓ Cerrada en 19:44 · 15t muro · sin puerta
Base de major_myth· ✓ Cerrada en 20:47 · 25t muro · sin puerta
Terreno inicial suavizado · ◌ = hueco del cierre detectado · pasá el cursor para detalles
Inputs por minuto
— Ogre - - Bonkershealer
Build order — Ogre
Primeras 150 de 383 acciones detectadas
| 0:01 | Crear | Villager (Male) |
| 0:02 | Crear | Villager (Male) |
| 0:02 | Crear | Villager (Male) |
| 0:02 | Crear | Villager (Male) |
| 0:04 | Construir | House |
| 0:05 | Construir | House |
| 1:26 | Crear | Villager (Male) |
| 1:57 | Crear | Villager (Male) |
| 2:31 | Crear | Villager (Male) |
| 2:33 | Construir | Lumber Camp |
| 2:34 | Crear | Villager (Male) |
| 2:48 | Construir | House |
| 3:00 | Crear | Villager (Male) |
| 3:31 | Crear | Villager (Male) |
| 3:34 | Crear | Villager (Male) |
| 3:59 | Crear | Villager (Male) |
| 4:16 | Crear | Villager (Male) |
| 4:31 | Crear | Villager (Male) |
| 5:03 | Crear | Villager (Male) |
| 5:04 | Crear | Villager (Male) |
| 5:26 | Crear | Villager (Male) |
| 5:26 | Crear | Villager (Male) |
| 5:29 | Construir | Barracks |
| 5:37 | Construir | House |
| 5:43 | Crear | Villager (Male) |
| 5:45 | Crear | Villager (Male) |
| 6:44 | Crear | Villager (Male) |
| 7:30 | Investigar | Feudal Age |
| 8:01 | Crear | Militia |
| 8:06 | Crear | Militia |
| 8:09 | Crear | Militia |
| 8:25 | Construir | Mill |
| 9:06 | Crear | Villager (Male) |
| 9:40 | Edad | Edad Feudal |
| 9:42 | Construir | Watch Tower |
| 9:46 | Investigar | Arson |
| 9:48 | Investigar | Double-Bit Axe |
| 9:50 | Crear | Villager (Male) |
| 10:08 | Crear | Villager (Male) |
| 10:09 | Construir | House |
| 10:29 | Construir | Blacksmith |
| 10:31 | Crear | Villager (Male) |
| 10:42 | Construir | Archery Range |
| 11:11 | Crear | Villager (Male) |
| 11:12 | Crear | Villager (Male) |
| 11:22 | Construir | Mining Camp |
| 11:41 | Construir | Farm |
| 11:42 | Construir | Farm |
| 12:15 | Crear | Villager (Male) |
| 12:22 | Crear | Archer |
| 12:48 | Crear | Archer |
| 12:50 | Crear | Villager (Male) |
| 13:03 | Construir | House |
| 13:07 | Construir | House |
| 13:23 | Construir | House |
| 13:27 | Construir | Farm |
| 13:30 | Construir | Farm |
| 13:31 | Construir | Farm |
| 13:35 | Crear | Villager (Male) |
| 13:39 | Construir | House |
| 14:08 | Construir | Farm |
| 14:08 | Construir | Farm |
| 14:14 | Crear | Villager (Male) |
| 14:43 | Crear | Villager (Male) |
| 14:54 | Construir | Stone Wall |
| 14:55 | Crear | Villager (Male) |
| 14:57 | Construir | Mining Camp |
| 15:12 | Crear | Villager (Male) |
| 15:14 | Construir | Farm |
| 15:41 | Crear | Villager (Male) |
| 16:00 | Crear | Villager (Male) |
| 16:00 | Crear | Villager (Male) |
| 16:21 | Construir | Market |
| 16:36 | Crear | Villager (Male) |
| 16:45 | Construir | Farm |
| 17:03 | Construir | Farm |
| 17:05 | Crear | Villager (Male) |
| 17:14 | Crear | Villager (Male) |
| 17:22 | Construir | Farm |
| 17:59 | Crear | Villager (Male) |
| 18:29 | Construir | Farm |
| 18:30 | Construir | Farm |
| 18:30 | Construir | Farm |
| 19:02 | Crear | Villager (Male) |
| 19:05 | Construir | House |
| 19:25 | Investigar | Castle Age |
| 19:36 | Construir | Gate |
| 19:43 | Construir | Stone Wall |
| 19:51 | Construir | Gate |
| 19:53 | Construir | Stone Wall |
| 19:58 | Crear | Villager (Male) |
| 20:12 | Construir | Stone Wall |
| 20:24 | Investigar | Horse Collar |
| 20:29 | Investigar | Gold Mining |
| 20:49 | Crear | Villager (Male) |
| 20:59 | Construir | Archery Range |
| 21:03 | Crear | Militia |
| 21:04 | Crear | Militia |
| 21:18 | Crear | Archer |
| 21:26 | Crear | Archer |
| 21:45 | Crear | Villager (Male) |
| 22:03 | Crear | Archer |
| 22:07 | Edad | Edad de los Castillos |
| 22:11 | Crear | Cavalry Archer |
| 22:13 | Investigar | Fletching |
| 22:13 | Crear | Villager (Male) |
| 22:15 | Crear | Cavalry Archer |
| 22:38 | Investigar | Bow Saw |
| 22:38 | Crear | Villager (Male) |
| 22:51 | Crear | Villager (Male) |
| 22:52 | Crear | Cavalry Archer |
| 22:59 | Crear | Villager (Male) |
| 23:01 | Crear | Villager (Male) |
| 23:01 | Crear | Villager (Male) |
| 23:07 | Crear | Cavalry Archer |
| 23:10 | Crear | Villager (Male) |
| 23:15 | Investigar | Bodkin Arrow |
| 23:26 | Crear | Cavalry Archer |
| 23:26 | Crear | Cavalry Archer |
| 23:33 | Crear | Villager (Male) |
| 23:39 | Crear | Villager (Male) |
| 23:52 | Construir | Lumber Camp |
| 24:00 | Crear | Villager (Male) |
| 24:08 | Crear | Villager (Male) |
| 24:15 | Crear | Cavalry Archer |
| 24:15 | Crear | Cavalry Archer |
| 24:25 | Investigar | Padded Archer Armor |
| 24:34 | Construir | House |
| 24:40 | Crear | Villager (Male) |
| 24:55 | Crear | Villager (Male) |
| 25:01 | Construir | Stone Wall |
| 25:03 | Crear | Villager (Male) |
| 25:23 | Construir | Stone Wall |
| 25:23 | Crear | Villager (Male) |
| 25:34 | Crear | Villager (Male) |
| 25:59 | Crear | Villager (Male) |
| 26:07 | Construir | Stone Wall |
| 26:07 | Crear | Villager (Male) |
| 26:19 | Crear | Villager (Male) |
| 26:21 | Crear | Villager (Male) |
| 26:26 | Crear | Villager (Male) |
| 26:26 | Crear | Villager (Male) |
| 26:32 | Crear | Cavalry Archer |
| 26:32 | Crear | Cavalry Archer |
| 26:36 | Crear | Villager (Male) |
| 26:36 | Crear | Villager (Male) |
| 26:46 | Construir | Stone Wall |
| 26:47 | Crear | Villager (Male) |
| 26:56 | Crear | Villager (Male) |
| 27:03 | Construir | Stone Wall |
Build order — Bonkershealer
Primeras 150 de 296 acciones detectadas
| 0:01 | Crear | Villager (Male) |
| 0:01 | Crear | Villager (Male) |
| 0:01 | Crear | Villager (Male) |
| 0:04 | Construir | House |
| 0:07 | Construir | House |
| 0:25 | Crear | Villager (Male) |
| 1:31 | Crear | Villager (Male) |
| 1:46 | Construir | Lumber Camp |
| 2:01 | Crear | Villager (Male) |
| 2:17 | Crear | Villager (Male) |
| 2:49 | Crear | Villager (Male) |
| 3:18 | Crear | Villager (Male) |
| 3:35 | Crear | Villager (Male) |
| 3:43 | Construir | House |
| 3:51 | Crear | Villager (Male) |
| 4:07 | Crear | Villager (Male) |
| 4:47 | Crear | Villager (Male) |
| 4:59 | Crear | Villager (Male) |
| 5:01 | Crear | Villager (Male) |
| 5:11 | Construir | Mill |
| 5:16 | Construir | House |
| 5:26 | Crear | Villager (Male) |
| 5:26 | Crear | Villager (Male) |
| 6:14 | Crear | Villager (Male) |
| 6:53 | Construir | Mining Camp |
| 7:18 | Crear | Villager (Male) |
| 7:22 | Crear | Villager (Male) |
| 7:55 | Crear | Villager (Male) |
| 8:11 | Crear | Villager (Male) |
| 8:15 | Construir | House |
| 8:28 | Crear | Villager (Male) |
| 8:42 | Crear | Villager (Male) |
| 9:18 | Investigar | Feudal Age |
| 10:01 | Crear | Villager (Male) |
| 10:25 | Crear | Villager (Male) |
| 11:28 | Construir | House |
| 11:46 | Edad | Edad Feudal |
| 11:49 | Construir | Market |
| 11:59 | Crear | Villager (Male) |
| 12:03 | Construir | Blacksmith |
| 12:52 | Crear | Villager (Male) |
| 13:13 | Investigar | Castle Age |
| 13:42 | Investigar | Double-Bit Axe |
| 13:44 | Investigar | Horse Collar |
| 14:12 | Construir | Palisade Wall |
| 15:47 | Construir | Gate |
| 15:53 | Edad | Edad de los Castillos |
| 15:58 | Construir | Gate |
| 16:33 | Construir | Castle |
| 16:35 | Crear | Villager (Male) |
| 17:04 | Crear | Villager (Male) |
| 17:09 | Construir | House |
| 17:11 | Construir | House |
| 17:14 | Investigar | Loom |
| 17:20 | Construir | Farm |
| 17:20 | Construir | Farm |
| 17:20 | Construir | Farm |
| 17:20 | Construir | Farm |
| 17:21 | Construir | Farm |
| 17:21 | Construir | Farm |
| 17:21 | Construir | Farm |
| 17:21 | Construir | Farm |
| 18:19 | Crear | Villager (Male) |
| 18:21 | Crear | Villager (Male) |
| 18:37 | Crear | Villager (Male) |
| 18:43 | Construir | Lumber Camp |
| 18:53 | Crear | Villager (Male) |
| 19:02 | Crear | Gbeto ×5 |
| 19:02 | Crear | Gbeto ×5 |
| 19:46 | Construir | Stone Wall |
| 19:47 | Construir | Stone Wall |
| 19:50 | Construir | Stone Wall |
| 19:53 | Construir | Stone Wall |
| 19:55 | Construir | Stone Wall |
| 19:56 | Crear | Villager (Male) |
| 20:25 | Crear | Villager (Male) |
| 20:26 | Crear | Villager (Male) |
| 20:55 | Crear | Villager (Male) |
| 21:08 | Crear | Villager (Male) |
| 21:45 | Crear | Gbeto |
| 21:45 | Crear | Gbeto |
| 21:57 | Crear | Villager (Male) |
| 21:58 | Crear | Villager (Male) |
| 22:02 | Construir | Stone Wall |
| 22:04 | Construir | Stone Wall |
| 22:05 | Construir | Stone Wall |
| 22:06 | Crear | Villager (Male) |
| 22:37 | Crear | Petard |
| 22:55 | Crear | Petard |
| 22:55 | Crear | Petard ×2 |
| 22:55 | Crear | Petard |
| 23:00 | Crear | Villager (Male) |
| 23:04 | Construir | Town Center |
| 23:09 | Construir | Town Center |
| 23:17 | Construir | Farm |
| 23:18 | Construir | Farm |
| 23:18 | Construir | Farm |
| 23:18 | Construir | Farm |
| 23:19 | Construir | Farm |
| 23:19 | Construir | Farm |
| 23:19 | Construir | Farm |
| 23:22 | Construir | Farm |
| 23:22 | Construir | Farm |
| 23:23 | Construir | Farm |
| 23:23 | Construir | Farm |
| 23:24 | Construir | Farm |
| 23:24 | Construir | Farm |
| 23:24 | Construir | Farm |
| 23:25 | Construir | Farm |
| 23:25 | Construir | Farm |
| 23:26 | Construir | Farm |
| 23:26 | Construir | Farm |
| 23:27 | Construir | Farm |
| 23:29 | Construir | Farm |
| 23:29 | Construir | Farm |
| 23:29 | Construir | Farm |
| 23:29 | Construir | Farm |
| 23:30 | Construir | Farm |
| 23:30 | Construir | Farm |
| 23:30 | Construir | Farm |
| 23:32 | Crear | Villager (Male) |
| 23:49 | Crear | Villager (Male) |
| 23:55 | Crear | Petard |
| 24:00 | Crear | Villager (Male) |
| 24:56 | Crear | Petard |
| 24:57 | Crear | Petard |
| 25:12 | Crear | Villager (Male) |
| 25:15 | Crear | Villager (Male) |
| 25:16 | Crear | Villager (Male) |
| 25:18 | Crear | Villager (Male) |
| 25:21 | Crear | Villager (Male) |
| 25:41 | Crear | Villager (Male) |
| 25:42 | Crear | Villager (Male) |
| 25:43 | Crear | Villager (Male) |
| 25:43 | Crear | Villager (Male) |
| 25:45 | Crear | Villager (Male) |
| 25:52 | Crear | Gbeto |
| 25:52 | Crear | Gbeto |
| 26:34 | Crear | Villager (Male) |
| 26:39 | Crear | Villager (Male) |
| 26:41 | Crear | Villager (Male) |
| 26:50 | Crear | Villager (Male) |
| 26:53 | Crear | Villager (Male) |
| 27:17 | Crear | Villager (Male) |
| 27:22 | Crear | Villager (Male) |
| 27:29 | Crear | Villager (Male) |
| 27:34 | Crear | Gbeto |
| 27:35 | Crear | Gbeto |
| 27:35 | Crear | Villager (Male) |
| 27:45 | Crear | Villager (Male) |
Build order — Mushu
Primeras 150 de 348 acciones detectadas
| 0:01 | Crear | Villager (Male) ×4 |
| 0:03 | Construir | House |
| 0:04 | Construir | House |
| 0:15 | Investigar | Loom |
| 0:15 | Crear | Villager (Male) |
| 0:16 | Crear | Villager (Male) |
| 0:40 | Crear | Villager (Male) |
| 0:40 | Crear | Villager (Male) |
| 0:54 | Construir | Palisade Wall |
| 1:53 | Construir | Palisade Wall |
| 1:55 | Crear | Villager (Male) |
| 1:55 | Crear | Villager (Male) |
| 2:37 | Construir | Palisade Wall |
| 2:44 | Crear | Villager (Male) |
| 2:59 | Crear | Villager (Male) |
| 3:25 | Crear | Villager (Male) |
| 3:45 | Crear | Villager (Male) |
| 4:19 | Construir | Lumber Camp |
| 4:20 | Crear | Villager (Male) |
| 4:36 | Construir | Palisade Wall |
| 4:37 | Construir | Palisade Wall |
| 4:48 | Construir | House |
| 4:54 | Crear | Villager (Male) |
| 5:22 | Crear | Villager (Male) |
| 5:22 | Crear | Villager (Male) |
| 5:39 | Construir | Palisade Wall |
| 5:40 | Construir | Palisade Wall |
| 6:01 | Crear | Villager (Male) |
| 6:01 | Crear | Villager (Male) |
| 6:17 | Crear | Villager (Male) |
| 6:43 | Crear | Villager (Male) |
| 6:57 | Construir | Palisade Wall |
| 6:59 | Construir | Palisade Wall |
| 7:06 | Construir | Mill |
| 7:26 | Construir | House |
| 7:43 | Crear | Villager (Male) |
| 8:01 | Crear | Villager (Male) |
| 8:09 | Construir | Palisade Wall |
| 8:20 | Crear | Villager (Male) |
| 9:06 | Investigar | Feudal Age |
| 9:23 | Construir | Mining Camp |
| 10:17 | Construir | House |
| 10:57 | Construir | Palisade Wall |
| 11:07 | Crear | Villager (Male) |
| 11:07 | Crear | Villager (Male) |
| 11:16 | Edad | Edad Feudal |
| 11:19 | Construir | Palisade Wall |
| 11:21 | Construir | Palisade Wall |
| 11:24 | Construir | Palisade Wall |
| 11:27 | Construir | Palisade Wall |
| 11:29 | Construir | Palisade Wall |
| 11:36 | Crear | Villager (Male) |
| 11:46 | Construir | Stone Wall |
| 11:47 | Crear | Villager (Male) |
| 11:51 | Construir | Stone Wall |
| 11:53 | Construir | Stone Wall |
| 11:54 | Construir | Stone Wall |
| 12:13 | Construir | Donjon |
| 12:17 | Crear | Villager (Male) |
| 12:38 | Construir | Stone Wall |
| 12:40 | Construir | Stone Wall |
| 12:41 | Construir | Stone Wall |
| 12:43 | Construir | Stone Wall |
| 12:44 | Construir | Stone Wall |
| 12:44 | Construir | Stone Wall |
| 12:52 | Construir | House |
| 13:56 | Crear | Villager (Male) |
| 14:27 | Crear | Villager (Male) |
| 14:31 | Construir | Market |
| 14:33 | Construir | Blacksmith |
| 14:52 | Crear | Villager (Male) |
| 15:08 | Construir | Outpost |
| 15:27 | Construir | Stone Wall |
| 15:43 | Investigar | Castle Age |
| 15:51 | Construir | Farm |
| 15:53 | Construir | Farm |
| 15:55 | Construir | Farm |
| 15:57 | Construir | Farm |
| 16:00 | Construir | Farm |
| 16:02 | Construir | Farm |
| 16:04 | Construir | Farm |
| 16:30 | Construir | House |
| 16:49 | Investigar | Double-Bit Axe |
| 16:51 | Investigar | Horse Collar |
| 17:57 | Construir | Gate |
| 17:58 | Construir | Stone Wall |
| 18:23 | Edad | Edad de los Castillos |
| 18:32 | Crear | Villager (Male) |
| 18:34 | Crear | Villager (Male) |
| 18:45 | Construir | Town Center |
| 18:49 | Crear | Villager (Male) |
| 19:00 | Construir | Mining Camp |
| 19:23 | Construir | Stone Wall |
| 19:30 | Construir | Stone Wall |
| 19:36 | Construir | Stone Wall |
| 19:37 | Crear | Villager (Male) |
| 19:43 | Construir | Siege Workshop |
| 20:04 | Crear | Villager (Male) |
| 20:17 | Crear | Villager (Male) |
| 20:23 | Construir | Stone Wall |
| 20:28 | Construir | Stone Wall |
| 20:33 | Construir | Stone Wall |
| 20:34 | Construir | Stone Wall |
| 20:35 | Construir | Stone Wall |
| 20:37 | Crear | Villager (Male) |
| 20:41 | Construir | Barracks |
| 20:48 | Crear | Villager (Male) |
| 20:53 | Construir | Farm |
| 21:08 | Construir | Stone Wall |
| 21:15 | Construir | Stone Wall |
| 21:21 | Crear | Villager (Male) |
| 21:23 | Crear | Villager (Male) |
| 21:28 | Construir | Farm |
| 21:29 | Construir | Farm |
| 21:32 | Crear | Mangonel |
| 21:36 | Construir | Farm |
| 21:41 | Construir | Farm |
| 21:43 | Crear | Villager (Male) |
| 21:55 | Crear | Villager (Male) |
| 22:01 | Construir | Mining Camp |
| 22:21 | Construir | House |
| 22:25 | Construir | House |
| 22:35 | Crear | Villager (Male) |
| 22:39 | Crear | Villager (Male) |
| 22:39 | Crear | Villager (Male) |
| 22:42 | Crear | Villager (Male) |
| 22:55 | Crear | Villager (Male) |
| 23:02 | Construir | Town Center |
| 23:11 | Crear | Villager (Male) |
| 23:16 | Construir | Farm |
| 23:34 | Crear | Villager (Male) |
| 23:38 | Crear | Villager (Male) |
| 23:44 | Construir | House |
| 23:51 | Crear | Villager (Male) |
| 23:52 | Crear | Villager (Male) |
| 23:53 | Crear | Villager (Male) |
| 23:55 | Construir | Farm |
| 23:58 | Construir | Farm |
| 24:00 | Crear | Villager (Male) |
| 24:09 | Crear | Villager (Male) |
| 24:18 | Crear | Villager (Male) |
| 24:27 | Construir | Lumber Camp |
| 24:32 | Crear | Villager (Male) |
| 24:36 | Construir | Farm |
| 24:37 | Construir | Farm |
| 24:43 | Construir | Stone Wall |
| 24:46 | Construir | Stone Wall |
| 25:11 | Crear | Mangonel |
| 25:19 | Construir | Lumber Camp |
| 25:28 | Construir | Stone Wall |
Build order — rhinodog
Primeras 150 de 465 acciones detectadas
| 0:01 | Crear | Villager (Male) |
| 0:01 | Crear | Villager (Male) |
| 0:03 | Construir | House |
| 0:04 | Construir | House |
| 0:26 | Crear | Villager (Male) |
| 0:27 | Crear | Villager (Male) |
| 1:42 | Crear | Villager (Male) |
| 1:43 | Crear | Villager (Male) |
| 1:54 | Construir | Lumber Camp |
| 2:26 | Crear | Villager (Male) |
| 2:26 | Crear | Villager (Male) |
| 3:01 | Crear | Villager (Male) |
| 3:02 | Crear | Villager (Male) |
| 3:20 | Investigar | Loom |
| 3:25 | Crear | Villager (Male) |
| 3:25 | Crear | Villager (Male) |
| 3:42 | Crear | Villager (Male) |
| 3:42 | Crear | Villager (Male) |
| 3:47 | Construir | House |
| 4:15 | Crear | Villager (Male) |
| 4:15 | Crear | Villager (Male) |
| 4:36 | Construir | Palisade Wall |
| 4:40 | Crear | Villager (Male) |
| 4:41 | Crear | Villager (Male) |
| 4:49 | Crear | Villager (Male) |
| 4:50 | Crear | Villager (Male) |
| 5:41 | Crear | Villager (Male) |
| 5:49 | Construir | Mill |
| 6:17 | Crear | Villager (Male) |
| 6:17 | Crear | Villager (Male) |
| 6:21 | Crear | Villager (Male) |
| 6:21 | Crear | Villager (Male) |
| 6:21 | Crear | Villager (Male) |
| 6:31 | Construir | Mill |
| 7:07 | Crear | Villager (Male) |
| 7:39 | Construir | Mining Camp |
| 7:44 | Crear | Villager (Male) |
| 7:57 | Construir | Lumber Camp |
| 8:02 | Crear | Villager (Male) |
| 8:12 | Construir | Palisade Wall |
| 8:13 | Construir | Palisade Wall |
| 8:15 | Construir | Palisade Wall |
| 8:17 | Construir | Palisade Wall |
| 8:59 | Construir | Palisade Wall |
| 9:09 | Construir | Palisade Wall |
| 9:22 | Crear | Villager (Male) |
| 9:27 | Construir | Palisade Wall |
| 9:39 | Investigar | Feudal Age |
| 10:45 | Construir | Barracks |
| 11:12 | Crear | Villager (Male) |
| 11:29 | Construir | Palisade Wall |
| 11:37 | Construir | Palisade Wall |
| 12:02 | Construir | Palisade Wall |
| 12:07 | Edad | Edad Feudal |
| 12:10 | Crear | Villager (Male) |
| 12:13 | Construir | Stable |
| 12:16 | Construir | Blacksmith |
| 12:45 | Crear | Villager (Male) |
| 13:13 | Investigar | Castle Age |
| 13:37 | Investigar | Horse Collar |
| 13:38 | Investigar | Double-Bit Axe |
| 14:02 | Investigar | Scale Barding Armor |
| 14:49 | Construir | Farm |
| 14:52 | Construir | Farm |
| 15:05 | Crear | Villager (Male) |
| 15:18 | Construir | House |
| 16:02 | Edad | Edad de los Castillos |
| 16:04 | Construir | Siege Workshop |
| 16:06 | Crear | Knight |
| 16:07 | Crear | Knight |
| 16:08 | Crear | Villager (Male) |
| 16:11 | Construir | Town Center |
| 16:24 | Investigar | Heavy Plow |
| 16:24 | Investigar | Heavy Plow |
| 16:29 | Construir | House |
| 16:47 | Crear | Villager (Male) |
| 17:05 | Crear | Battering Ram |
| 17:13 | Crear | Villager (Male) |
| 17:27 | Crear | Knight |
| 17:42 | Crear | Mangonel |
| 17:53 | Crear | Villager (Male) |
| 17:55 | Crear | Villager (Male) |
| 17:58 | Construir | Farm |
| 17:59 | Construir | Farm |
| 18:22 | Construir | Farm |
| 18:24 | Construir | Farm |
| 18:26 | Construir | Farm |
| 18:27 | Crear | Villager (Male) |
| 18:35 | Construir | Farm |
| 18:52 | Crear | Knight |
| 18:55 | Crear | Villager (Male) |
| 18:58 | Construir | Farm |
| 18:59 | Construir | Farm |
| 19:08 | Crear | Villager (Male) |
| 19:14 | Crear | Villager (Male) |
| 19:50 | Crear | Villager (Male) |
| 19:51 | Crear | Villager (Male) |
| 19:51 | Crear | Villager (Male) |
| 19:53 | Construir | Town Center |
| 20:11 | Crear | Knight |
| 20:18 | Construir | Farm |
| 20:20 | Construir | House |
| 20:22 | Construir | Farm |
| 20:23 | Construir | Farm |
| 20:52 | Crear | Knight |
| 20:57 | Construir | Dock |
| 21:05 | Crear | Villager (Male) |
| 21:06 | Crear | Villager (Male) |
| 21:11 | Construir | Farm |
| 21:12 | Construir | Farm |
| 21:19 | Construir | Dock |
| 21:32 | Crear | Knight |
| 21:54 | Crear | Villager (Male) |
| 22:03 | Crear | Villager (Male) |
| 22:06 | Crear | Villager (Male) |
| 22:06 | Crear | Villager (Male) |
| 22:08 | Construir | Mill |
| 22:09 | Construir | Farm |
| 22:09 | Construir | Farm |
| 22:10 | Construir | Farm |
| 22:10 | Construir | Farm |
| 22:10 | Construir | Farm |
| 22:10 | Construir | Farm |
| 22:20 | Crear | Villager (Male) |
| 22:22 | Crear | Villager (Male) |
| 22:26 | Construir | Farm |
| 22:27 | Construir | Farm |
| 22:29 | Construir | Farm |
| 22:32 | Crear | Villager (Male) |
| 22:36 | Crear | Villager (Male) |
| 22:38 | Crear | Villager (Male) |
| 22:38 | Crear | Villager (Male) |
| 22:56 | Investigar | Chain Barding Armor |
| 23:01 | Crear | Villager (Male) |
| 23:04 | Crear | Villager (Male) |
| 23:06 | Crear | Villager (Male) |
| 23:09 | Crear | Villager (Male) |
| 23:13 | Construir | Town Center |
| 23:31 | Crear | Villager (Male) |
| 23:33 | Crear | Villager (Male) |
| 23:38 | Construir | Farm |
| 23:39 | Construir | Farm |
| 23:42 | Construir | House |
| 24:09 | Crear | Villager (Male) |
| 24:11 | Crear | Villager (Male) |
| 24:13 | Construir | Mill |
| 24:13 | Construir | Farm |
| 24:14 | Construir | Farm |
| 24:14 | Construir | Farm |
| 24:14 | Construir | Farm |
Build order — TheBoogeyman
Primeras 150 de 322 acciones detectadas
| 0:02 | Crear | Villager (Male) |
| 0:02 | Construir | House |
| 0:03 | Construir | House |
| 0:18 | Crear | Villager (Male) |
| 0:18 | Crear | Villager (Male) |
| 0:19 | Crear | Villager (Male) |
| 1:31 | Crear | Villager (Male) |
| 1:31 | Crear | Villager (Male) |
| 1:46 | Construir | Lumber Camp |
| 2:02 | Crear | Villager (Male) |
| 2:02 | Crear | Villager (Male) |
| 2:25 | Crear | Villager (Male) |
| 2:25 | Crear | Villager (Male) |
| 2:40 | Investigar | Loom |
| 3:06 | Construir | Palisade Wall |
| 3:09 | Construir | Palisade Wall |
| 3:15 | Crear | Villager (Male) |
| 3:15 | Crear | Villager (Male) |
| 3:30 | Crear | Villager (Male) |
| 3:31 | Crear | Villager (Male) |
| 3:57 | Crear | Villager (Male) |
| 3:57 | Crear | Villager (Male) |
| 4:24 | Construir | House |
| 4:46 | Crear | Villager (Male) |
| 4:46 | Crear | Villager (Male) |
| 5:19 | Crear | Villager (Male) |
| 5:37 | Crear | Villager (Male) |
| 5:56 | Construir | Dock |
| 6:04 | Crear | Villager (Male) |
| 6:26 | Crear | Villager (Male) |
| 6:36 | Construir | House |
| 6:57 | Crear | Villager (Male) |
| 7:00 | Crear | Fishing Ship |
| 7:15 | Investigar | Feudal Age |
| 7:15 | Investigar | Feudal Age |
| 7:52 | Crear | Fishing Ship |
| 8:38 | Crear | Fishing Ship |
| 8:43 | Construir | House |
| 9:03 | Crear | Villager (Male) |
| 9:25 | Edad | Edad Feudal |
| 9:27 | Construir | Stone Wall |
| 9:29 | Construir | Stone Wall |
| 9:30 | Construir | Stone Wall |
| 9:33 | Construir | Stone Wall |
| 9:34 | Construir | Stone Wall |
| 9:35 | Construir | Stone Wall |
| 9:37 | Construir | Stone Wall |
| 9:39 | Crear | Villager (Male) |
| 9:48 | Crear | Villager (Male) |
| 9:49 | Crear | Fishing Ship |
| 9:53 | Investigar | Double-Bit Axe |
| 10:04 | Construir | Watch Tower |
| 10:22 | Construir | Mining Camp |
| 10:27 | Crear | Villager (Male) |
| 10:39 | Construir | Blacksmith |
| 11:09 | Crear | Villager (Male) |
| 11:29 | Construir | Mill |
| 11:32 | Investigar | Fletching |
| 11:57 | Construir | House |
| 12:05 | Crear | Fishing Ship |
| 12:07 | Crear | Villager (Male) |
| 12:51 | Crear | Villager (Male) |
| 13:09 | Crear | Villager (Male) |
| 13:26 | Construir | House |
| 13:35 | Crear | Fishing Ship |
| 13:39 | Crear | Villager (Male) |
| 13:49 | Construir | House |
| 14:00 | Crear | Villager (Male) |
| 14:17 | Crear | Fishing Ship |
| 14:17 | Crear | Fishing Ship |
| 14:29 | Crear | Villager (Male) |
| 14:31 | Crear | Fishing Ship |
| 14:47 | Construir | Lumber Camp |
| 14:51 | Crear | Villager (Male) |
| 14:53 | Crear | Villager (Male) |
| 14:59 | Construir | Mining Camp |
| 15:27 | Construir | Gate |
| 15:30 | Construir | Stone Wall |
| 15:32 | Crear | Villager (Male) |
| 15:40 | Crear | Villager (Male) |
| 15:54 | Crear | Villager (Male) |
| 15:57 | Crear | Fishing Ship |
| 16:00 | Construir | House |
| 16:00 | Construir | House |
| 16:44 | Crear | Villager (Male) |
| 17:01 | Construir | Fish Trap |
| 17:04 | Construir | Fish Trap |
| 17:12 | Crear | Villager (Male) |
| 17:13 | Crear | Villager (Male) |
| 17:31 | Crear | Villager (Male) |
| 17:32 | Crear | Villager (Male) |
| 17:56 | Construir | House |
| 17:57 | Construir | House |
| 17:58 | Construir | House |
| 17:58 | Construir | House |
| 19:01 | Crear | Villager (Male) |
| 19:01 | Crear | Villager (Male) |
| 19:12 | Construir | Stone Wall |
| 19:18 | Construir | Stone Wall |
| 19:32 | Construir | House |
| 19:33 | Construir | House |
| 19:36 | Construir | House |
| 19:37 | Construir | House |
| 20:00 | Construir | House |
| 20:05 | Crear | Galley |
| 20:05 | Crear | Galley |
| 20:08 | Construir | Fish Trap |
| 20:11 | Construir | Fish Trap |
| 20:13 | Construir | Fish Trap |
| 20:16 | Construir | Fish Trap |
| 20:18 | Construir | Fish Trap |
| 20:21 | Construir | Fish Trap |
| 20:21 | Crear | Villager (Male) |
| 20:22 | Crear | Villager (Male) |
| 21:02 | Construir | Market |
| 21:11 | Construir | House |
| 21:12 | Construir | House |
| 21:16 | Construir | House |
| 21:17 | Construir | House |
| 21:22 | Construir | House |
| 21:30 | Investigar | Castle Age |
| 21:30 | Investigar | Castle Age |
| 22:03 | Crear | Villager (Male) |
| 22:11 | Construir | House |
| 22:17 | Construir | House |
| 22:22 | Construir | House |
| 22:50 | Construir | Gate |
| 22:53 | Construir | House |
| 22:55 | Construir | House |
| 22:57 | Construir | House |
| 23:08 | Construir | House |
| 23:10 | Construir | House |
| 23:11 | Construir | House |
| 23:12 | Construir | House |
| 23:40 | Crear | Fishing Ship |
| 23:40 | Crear | Fishing Ship |
| 24:10 | Edad | Edad de los Castillos |
| 24:15 | Investigar | Bow Saw |
| 24:15 | Investigar | Bow Saw |
| 24:33 | Construir | Castle |
| 24:37 | Crear | Villager (Male) |
| 24:38 | Crear | Villager (Male) |
| 24:38 | Crear | Villager (Male) |
| 24:41 | Construir | Fish Trap |
| 24:42 | Crear | Fishing Ship |
| 24:42 | Crear | Fishing Ship |
| 25:13 | Construir | Town Center |
| 25:20 | Crear | Villager (Male) |
| 25:25 | Crear | Fishing Ship |
| 25:33 | Construir | Dock |
Build order — Rooster
Primeras 150 de 393 acciones detectadas
| 0:01 | Crear | Villager (Male) ×4 |
| 0:01 | Crear | Villager (Male) ×4 |
| 0:02 | Construir | House |
| 0:03 | Construir | House |
| 1:25 | Crear | Villager (Male) |
| 1:25 | Crear | Villager (Male) |
| 2:00 | Crear | Villager (Male) |
| 2:00 | Crear | Villager (Male) |
| 2:18 | Construir | Lumber Camp |
| 2:27 | Crear | Villager (Male) |
| 2:27 | Crear | Villager (Male) |
| 2:46 | Crear | Villager (Male) |
| 2:46 | Crear | Villager (Male) |
| 3:10 | Crear | Villager (Male) |
| 3:11 | Crear | Villager (Male) |
| 3:24 | Crear | Villager (Male) |
| 3:24 | Crear | Villager (Male) |
| 4:00 | Construir | House |
| 4:09 | Crear | Villager (Male) |
| 4:09 | Crear | Villager (Male) |
| 4:24 | Crear | Villager (Male) |
| 4:24 | Crear | Villager (Male) |
| 4:32 | Construir | Dock |
| 4:59 | Crear | Villager (Male) |
| 4:59 | Crear | Villager (Male) |
| 4:59 | Crear | Villager (Male) |
| 4:59 | Crear | Villager (Male) |
| 5:12 | Construir | House |
| 5:23 | Crear | Fishing Ship |
| 5:30 | Crear | Villager (Male) |
| 5:30 | Crear | Villager (Male) |
| 5:47 | Construir | Palisade Wall |
| 5:47 | Construir | Palisade Wall |
| 5:52 | Construir | Palisade Wall |
| 5:54 | Construir | Palisade Wall |
| 5:58 | Crear | Villager (Male) |
| 6:02 | Crear | Fishing Ship |
| 6:29 | Crear | Villager (Male) |
| 6:31 | Crear | Fishing Ship |
| 6:49 | Crear | Fishing Ship |
| 7:14 | Crear | Villager (Male) |
| 7:14 | Crear | Villager (Male) |
| 7:42 | Crear | Villager (Male) |
| 7:44 | Crear | Fishing Ship |
| 7:44 | Crear | Fishing Ship |
| 7:52 | Construir | House |
| 7:53 | Construir | House |
| 7:58 | Construir | Palisade Wall |
| 8:21 | Crear | Villager (Male) |
| 8:21 | Crear | Villager (Male) |
| 9:13 | Investigar | Feudal Age |
| 9:13 | Investigar | Feudal Age |
| 9:32 | Construir | Mill |
| 9:40 | Construir | Mining Camp |
| 11:11 | Crear | Villager (Male) |
| 11:11 | Crear | Villager (Male) |
| 11:29 | Edad | Edad Feudal |
| 11:30 | Construir | Market |
| 11:32 | Construir | Blacksmith |
| 11:57 | Investigar | Double-Bit Axe |
| 12:13 | Investigar | Castle Age |
| 12:13 | Investigar | Castle Age |
| 12:34 | Investigar | Tech 906 |
| 12:34 | Investigar | Tech 906 |
| 12:34 | Investigar | Tech 906 |
| 14:17 | Crear | Villager (Male) |
| 14:17 | Crear | Villager (Male) |
| 14:59 | Edad | Edad de los Castillos |
| 15:03 | Construir | Town Center |
| 15:05 | Construir | Town Center |
| 15:08 | Investigar | Bow Saw |
| 15:10 | Investigar | Gillnets |
| 15:10 | Investigar | Gillnets |
| 15:23 | Construir | Fish Trap |
| 15:27 | Construir | Fish Trap |
| 15:31 | Construir | Fish Trap |
| 15:37 | Construir | Fish Trap |
| 15:46 | Crear | Villager (Male) |
| 16:01 | Crear | Villager (Male) |
| 16:03 | Crear | Fishing Ship |
| 16:24 | Crear | Villager (Male) |
| 16:24 | Crear | Villager (Male) |
| 16:31 | Crear | Fishing Ship |
| 16:37 | Crear | Villager (Male) |
| 16:37 | Crear | Villager (Male) |
| 16:43 | Construir | House |
| 16:43 | Construir | House |
| 16:57 | Crear | Villager (Male) |
| 16:57 | Crear | Villager (Male) |
| 16:58 | Crear | Villager (Male) |
| 16:58 | Crear | Villager (Male) |
| 16:58 | Crear | Villager (Male) |
| 17:01 | Construir | Dock |
| 17:20 | Construir | Fish Trap |
| 17:23 | Construir | Fish Trap |
| 17:24 | Crear | Fishing Ship |
| 17:38 | Construir | Dock |
| 17:41 | Crear | Villager (Male) |
| 17:41 | Crear | Villager (Male) |
| 17:42 | Crear | Villager (Male) |
| 17:44 | Construir | Palisade Wall |
| 17:45 | Construir | Palisade Wall |
| 17:49 | Construir | Palisade Wall |
| 17:49 | Construir | Palisade Wall |
| 17:57 | Crear | Villager (Male) |
| 17:57 | Crear | Villager (Male) |
| 18:05 | Crear | Fishing Ship |
| 18:07 | Construir | Fish Trap |
| 18:09 | Construir | Fish Trap |
| 18:12 | Construir | Fish Trap |
| 18:22 | Crear | Villager (Male) |
| 18:22 | Crear | Villager (Male) |
| 18:22 | Crear | Villager (Male) |
| 18:22 | Crear | Villager (Male) |
| 18:23 | Crear | Villager (Male) |
| 18:23 | Crear | Villager (Male) |
| 18:24 | Crear | Fishing Ship |
| 18:24 | Crear | Fishing Ship |
| 18:27 | Construir | Dock |
| 18:50 | Crear | Fishing Ship |
| 18:50 | Crear | Fishing Ship |
| 18:53 | Construir | Fish Trap |
| 18:56 | Construir | Dock |
| 19:03 | Crear | Villager (Male) |
| 19:03 | Crear | Villager (Male) |
| 19:04 | Crear | Villager (Male) |
| 19:25 | Crear | Villager (Male) |
| 19:25 | Crear | Villager (Male) |
| 19:32 | Construir | Siege Workshop |
| 19:39 | Crear | Fishing Ship |
| 19:40 | Crear | Fishing Ship |
| 19:40 | Crear | Fishing Ship |
| 19:42 | Construir | Fish Trap |
| 19:44 | Construir | Fish Trap |
| 19:45 | Construir | Fish Trap |
| 19:48 | Construir | Fish Trap |
| 19:51 | Construir | House |
| 19:52 | Construir | House |
| 19:52 | Construir | House |
| 19:54 | Crear | Villager (Male) |
| 19:54 | Crear | Villager (Male) |
| 19:55 | Crear | Villager (Male) |
| 19:55 | Crear | Villager (Male) |
| 19:59 | Crear | Fishing Ship |
| 20:06 | Construir | House |
| 20:09 | Construir | House |
| 20:10 | Construir | House |
| 20:10 | Construir | House |
| 20:11 | Construir | House |
| 20:23 | Crear | Villager (Male) |
Build order — MembTV
Primeras 150 de 431 acciones detectadas
| 0:01 | Crear | Villager (Male) |
| 0:01 | Crear | Villager (Male) |
| 0:02 | Crear | Villager (Male) |
| 0:02 | Crear | Villager (Male) |
| 0:03 | Construir | House |
| 0:04 | Construir | House |
| 1:34 | Crear | Villager (Male) |
| 1:49 | Construir | Lumber Camp |
| 2:02 | Crear | Villager (Male) |
| 2:28 | Crear | Villager (Male) |
| 2:28 | Crear | Villager (Male) |
| 2:53 | Crear | Villager (Male) |
| 3:03 | Construir | House |
| 3:19 | Crear | Villager (Male) |
| 3:36 | Crear | Villager (Male) |
| 4:05 | Crear | Villager (Male) |
| 4:05 | Crear | Villager (Male) |
| 4:06 | Crear | Villager (Male) |
| 4:12 | Crear | Villager (Male) |
| 4:12 | Crear | Villager (Male) |
| 4:30 | Construir | Mill |
| 4:33 | Crear | Villager (Male) |
| 4:33 | Crear | Villager (Male) |
| 4:33 | Crear | Villager (Male) |
| 6:02 | Construir | House |
| 6:13 | Crear | Villager (Male) |
| 6:37 | Investigar | Loom |
| 7:02 | Investigar | Feudal Age |
| 7:09 | Construir | House |
| 7:12 | Construir | Palisade Wall |
| 7:16 | Construir | Palisade Wall |
| 7:18 | Construir | Palisade Wall |
| 7:53 | Crear | Villager (Male) |
| 8:17 | Crear | Villager (Male) |
| 9:12 | Edad | Edad Feudal |
| 9:24 | Construir | Town Center |
| 9:29 | Crear | Villager (Male) |
| 9:34 | Investigar | Double-Bit Axe |
| 9:39 | Crear | Villager (Male) |
| 10:08 | Crear | Villager (Male) |
| 10:33 | Crear | Villager (Male) |
| 10:56 | Crear | Villager (Male) |
| 11:15 | Investigar | Horse Collar |
| 11:25 | Construir | Farm |
| 11:26 | Construir | Farm |
| 11:26 | Crear | Villager (Male) |
| 11:26 | Crear | Villager (Male) |
| 11:49 | Construir | Farm |
| 11:50 | Construir | Farm |
| 11:59 | Crear | Villager (Male) |
| 12:05 | Crear | Villager (Male) |
| 12:11 | Crear | Villager (Male) |
| 12:20 | Crear | Villager (Male) |
| 12:25 | Construir | Farm |
| 12:29 | Construir | Farm |
| 12:33 | Construir | Farm |
| 12:37 | Construir | Farm |
| 12:38 | Crear | Villager (Male) |
| 12:38 | Crear | Villager (Male) |
| 12:44 | Construir | House |
| 12:55 | Crear | Villager (Male) |
| 12:59 | Construir | Farm |
| 13:04 | Crear | Villager (Male) |
| 13:23 | Construir | House |
| 13:27 | Crear | Villager (Male) |
| 13:35 | Crear | Villager (Male) |
| 13:40 | Construir | Market |
| 13:57 | Crear | Villager (Male) |
| 13:58 | Crear | Villager (Male) |
| 14:03 | Construir | House |
| 14:19 | Crear | Villager (Male) |
| 14:23 | Construir | Blacksmith |
| 14:31 | Crear | Villager (Male) |
| 14:34 | Construir | Farm |
| 14:35 | Construir | Farm |
| 14:44 | Construir | House |
| 14:45 | Construir | House |
| 15:03 | Crear | Villager (Male) |
| 15:07 | Construir | Palisade Wall |
| 15:21 | Construir | Farm |
| 15:22 | Construir | Farm |
| 15:36 | Crear | Villager (Male) |
| 15:37 | Crear | Villager (Male) |
| 15:37 | Crear | Villager (Male) |
| 15:41 | Construir | Mining Camp |
| 15:49 | Crear | Villager (Male) |
| 15:53 | Construir | Farm |
| 16:04 | Crear | Villager (Male) |
| 16:07 | Construir | Farm |
| 16:14 | Construir | Mining Camp |
| 16:18 | Construir | Farm |
| 16:21 | Crear | Villager (Male) |
| 17:04 | Investigar | Castle Age |
| 17:06 | Crear | Villager (Male) |
| 17:14 | Crear | Villager (Male) |
| 17:28 | Crear | Villager (Male) |
| 17:44 | Construir | Farm |
| 18:25 | Crear | Villager (Male) |
| 18:25 | Crear | Villager (Male) |
| 18:29 | Investigar | Gold Mining |
| 19:07 | Crear | Villager (Male) |
| 19:10 | Construir | House |
| 19:35 | Construir | Palisade Wall |
| 19:44 | Edad | Edad de los Castillos |
| 19:51 | Crear | Villager (Male) |
| 19:52 | Crear | Villager (Male) |
| 19:58 | Construir | Castle |
| 20:04 | Construir | Monastery |
| 20:06 | Investigar | Bow Saw |
| 20:07 | Investigar | Bow Saw |
| 20:10 | Investigar | Fletching |
| 20:11 | Crear | Villager (Male) |
| 20:15 | Construir | Barracks |
| 20:21 | Construir | House |
| 20:25 | Construir | House |
| 20:27 | Construir | House |
| 20:30 | Construir | Palisade Wall |
| 20:34 | Construir | Palisade Wall |
| 20:38 | Construir | Palisade Wall |
| 20:44 | Crear | Villager (Male) |
| 20:44 | Crear | Villager (Male) |
| 20:45 | Investigar | Bodkin Arrow |
| 20:48 | Crear | Monk |
| 20:57 | Construir | Palisade Wall |
| 21:06 | Construir | Stable |
| 21:07 | Crear | Villager (Male) |
| 21:19 | Crear | Villager (Male) |
| 21:19 | Crear | Villager (Male) |
| 21:21 | Construir | Farm |
| 21:22 | Construir | Farm |
| 21:27 | Construir | Farm |
| 21:27 | Construir | Farm |
| 21:27 | Construir | Farm |
| 21:27 | Construir | Farm |
| 21:28 | Construir | Farm |
| 21:38 | Crear | Kipchak |
| 21:38 | Crear | Kipchak |
| 21:39 | Crear | Kipchak |
| 21:44 | Construir | Lumber Camp |
| 21:58 | Construir | Palisade Gate |
| 21:59 | Crear | Villager (Male) |
| 22:02 | Crear | Kipchak |
| 22:02 | Crear | Kipchak |
| 22:05 | Crear | Villager (Male) |
| 22:10 | Investigar | Bloodlines |
| 22:10 | Investigar | Bloodlines |
| 22:12 | Crear | Villager (Male) |
| 22:28 | Construir | Mining Camp |
| 22:30 | Crear | Villager (Male) |
| 22:31 | Crear | Villager (Male) |
Build order — major_myth
Primeras 150 de 385 acciones detectadas
| 0:01 | Crear | Villager (Male) |
| 0:02 | Construir | House |
| 0:04 | Construir | House |
| 0:07 | Crear | Villager (Male) |
| 0:08 | Crear | Villager (Male) |
| 0:08 | Crear | Villager (Male) |
| 0:08 | Crear | Villager (Male) |
| 0:08 | Crear | Villager (Male) |
| 1:26 | Crear | Villager (Male) |
| 1:26 | Crear | Villager (Male) |
| 1:26 | Crear | Villager (Male) |
| 1:58 | Crear | Villager (Male) |
| 1:58 | Crear | Villager (Male) |
| 2:20 | Crear | Villager (Male) |
| 2:20 | Crear | Villager (Male) |
| 2:21 | Crear | Villager (Male) |
| 2:34 | Construir | Lumber Camp |
| 2:44 | Crear | Villager (Male) |
| 2:45 | Crear | Villager (Male) |
| 2:57 | Crear | Villager (Male) |
| 2:57 | Crear | Villager (Male) |
| 3:09 | Construir | Palisade Wall |
| 3:25 | Crear | Villager (Male) |
| 3:26 | Crear | Villager (Male) |
| 3:26 | Crear | Villager (Male) |
| 3:47 | Crear | Villager (Male) |
| 3:47 | Crear | Villager (Male) |
| 3:59 | Construir | House |
| 4:41 | Crear | Villager (Male) |
| 4:41 | Crear | Villager (Male) |
| 4:58 | Construir | Palisade Wall |
| 5:00 | Construir | Palisade Wall |
| 5:23 | Construir | House |
| 5:47 | Crear | Villager (Male) |
| 5:53 | Crear | Villager (Male) |
| 5:53 | Crear | Villager (Male) |
| 6:18 | Crear | Villager (Male) |
| 6:20 | Construir | House |
| 6:50 | Crear | Villager (Male) |
| 6:51 | Crear | Villager (Male) |
| 7:19 | Construir | Mill |
| 8:03 | Investigar | Feudal Age |
| 8:03 | Investigar | Feudal Age |
| 8:28 | Construir | Barracks |
| 9:20 | Crear | Militia |
| 9:21 | Crear | Militia |
| 9:21 | Crear | Militia |
| 9:27 | Construir | Mining Camp |
| 10:13 | Edad | Edad Feudal |
| 10:15 | Investigar | Double-Bit Axe |
| 10:16 | Crear | Villager (Male) |
| 10:20 | Investigar | Man-at-Arms (upgrade) |
| 10:20 | Investigar | Man-at-Arms (upgrade) |
| 10:43 | Construir | Watch Tower |
| 10:43 | Crear | Villager (Male) |
| 10:47 | Construir | Mining Camp |
| 11:03 | Construir | House |
| 11:16 | Crear | Villager (Male) |
| 11:29 | Construir | Blacksmith |
| 11:47 | Crear | Villager (Male) |
| 12:01 | Crear | Villager (Male) |
| 12:12 | Crear | Villager (Male) |
| 12:33 | Construir | Stone Wall |
| 12:39 | Construir | Stone Wall |
| 12:40 | Crear | Villager (Male) |
| 12:54 | Construir | Stone Wall |
| 12:55 | Construir | Stone Wall |
| 13:03 | Crear | Villager (Male) |
| 13:22 | Construir | House |
| 13:28 | Crear | Villager (Male) |
| 13:43 | Construir | Market |
| 13:52 | Crear | Villager (Male) |
| 13:55 | Investigar | Horse Collar |
| 14:08 | Construir | Farm |
| 14:09 | Construir | Farm |
| 14:10 | Construir | Farm |
| 14:10 | Crear | Villager (Male) |
| 14:23 | Construir | Outpost |
| 14:25 | Crear | Villager (Male) |
| 14:31 | Construir | Farm |
| 14:47 | Crear | Villager (Male) |
| 14:57 | Crear | Villager (Male) |
| 15:16 | Crear | Villager (Male) |
| 15:35 | Construir | House |
| 15:39 | Construir | Lumber Camp |
| 15:51 | Construir | House |
| 15:55 | Construir | House |
| 15:57 | Construir | Palisade Wall |
| 15:59 | Construir | House |
| 16:12 | Crear | Villager (Male) |
| 16:15 | Construir | Farm |
| 16:16 | Crear | Villager (Male) |
| 16:17 | Investigar | Loom |
| 16:18 | Construir | Farm |
| 16:33 | Construir | Farm |
| 16:35 | Construir | Farm |
| 17:02 | Crear | Villager (Male) |
| 17:03 | Crear | Villager (Male) |
| 17:40 | Construir | Farm |
| 17:41 | Construir | Farm |
| 17:59 | Construir | Farm |
| 18:05 | Construir | Farm |
| 18:07 | Investigar | Castle Age |
| 18:08 | Investigar | Castle Age |
| 18:16 | Construir | House |
| 18:35 | Crear | Militia |
| 18:35 | Crear | Militia |
| 18:35 | Crear | Militia |
| 18:51 | Crear | Villager (Male) |
| 18:59 | Construir | Stable |
| 19:11 | Construir | House |
| 19:55 | Crear | Scout Cavalry |
| 20:05 | Construir | Outpost |
| 20:13 | Construir | Outpost |
| 20:19 | Crear | Villager (Male) |
| 20:31 | Crear | Villager (Male) |
| 20:47 | Edad | Edad de los Castillos |
| 20:49 | Crear | Villager (Male) |
| 20:58 | Construir | Town Center |
| 21:14 | Crear | Villager (Male) |
| 21:14 | Crear | Villager (Male) |
| 21:42 | Construir | Town Center |
| 21:46 | Crear | Villager (Male) |
| 22:06 | Construir | House |
| 22:07 | Construir | House |
| 22:09 | Construir | House |
| 22:09 | Construir | House |
| 22:10 | Crear | Villager (Male) |
| 22:11 | Crear | Villager (Male) |
| 22:11 | Crear | Villager (Male) |
| 22:18 | Crear | Villager (Male) |
| 22:19 | Crear | Villager (Male) |
| 22:22 | Construir | Farm |
| 22:24 | Construir | Farm |
| 22:26 | Construir | Farm |
| 22:28 | Construir | Farm |
| 22:29 | Crear | Villager (Male) |
| 22:29 | Crear | Villager (Male) |
| 22:33 | Construir | Lumber Camp |
| 22:41 | Investigar | Bow Saw |
| 22:41 | Investigar | Bow Saw |
| 22:49 | Crear | Villager (Male) |
| 22:50 | Crear | Villager (Male) |
| 22:53 | Crear | Villager (Male) |
| 23:09 | Construir | Town Center |
| 23:10 | Crear | Villager (Male) |
| 23:11 | Crear | Villager (Male) |
| 23:11 | Crear | Villager (Male) |
| 23:11 | Crear | Villager (Male) |
| 23:11 | Crear | Villager (Male) |
Cronología de la partida
| 0:54 | Mushu · wall_segment Palisade Wall x7 |
| 1:53 | Mushu · wall_segment Palisade Wall x6 |
| 2:37 | Mushu · wall_segment Palisade Wall x8 |
| 3:06 | TheBoogeyman · wall_segment Palisade Wall x5 |
| 3:09 | major_myth · wall_segment Palisade Wall x7 |
| 3:09 | TheBoogeyman · wall_segment Palisade Wall x6 |
| 4:32 | Rooster · first_building Dock |
| 4:36 | Mushu · wall_segment Palisade Wall x8 |
| 4:36 | rhinodog · wall_segment Palisade Wall x5 |
| 4:37 | Mushu · wall_segment Palisade Wall x1 |
| 4:58 | major_myth · wall_segment Palisade Wall x1 |
| 5:00 | major_myth · wall_segment Palisade Wall x6 |
| 5:29 | Ogre · first_building Barracks |
| 5:39 | Mushu · wall_segment Palisade Wall x1 |
| 5:40 | Mushu · wall_segment Palisade Wall x1 |
| 5:47 | Rooster · wall_segment Palisade Wall x1 |
| 5:47 | Rooster · wall_segment Palisade Wall x1 |
| 5:52 | Rooster · wall_segment Palisade Wall x1 |
| 5:54 | Rooster · wall_segment Palisade Wall x1 |
| 5:56 | TheBoogeyman · first_building Dock |
| 6:57 | Mushu · wall_segment Palisade Wall x1 |
| 6:59 | Mushu · wall_segment Palisade Wall x6 |
| 7:12 | MembTV · wall_segment Palisade Wall x1 |
| 7:16 | MembTV · wall_segment Palisade Wall x1 |
| 7:18 | MembTV · wall_segment Palisade Wall x1 |
| 7:58 | Rooster · wall_segment Palisade Wall x1 |
| 8:09 | Mushu · wall_segment Palisade Wall x7 |
| 8:12 | rhinodog · wall_segment Palisade Wall x1 |
| 8:13 | rhinodog · wall_segment Palisade Wall x1 |
| 8:15 | rhinodog · wall_segment Palisade Wall x1 |
| 8:17 | rhinodog · wall_segment Palisade Wall x1 |
| 8:28 | major_myth · first_building Barracks |
| 8:59 | rhinodog · wall_segment Palisade Wall x1 |
| 9:09 | rhinodog · wall_segment Palisade Wall x1 |
| 9:12 | MembTV · age_up feudal |
| 9:25 | TheBoogeyman · age_up feudal |
| 9:27 | TheBoogeyman · wall_segment Stone Wall x1 |
| 9:27 | rhinodog · wall_segment Palisade Wall x1 |
| 9:29 | TheBoogeyman · wall_segment Stone Wall x1 |
| 9:30 | TheBoogeyman · wall_segment Stone Wall x1 |
| 9:33 | TheBoogeyman · wall_segment Stone Wall x1 |
| 9:34 | TheBoogeyman · wall_segment Stone Wall x1 |
| 9:35 | TheBoogeyman · wall_segment Stone Wall x1 |
| 9:37 | TheBoogeyman · wall_segment Stone Wall x8 |
| 9:40 | Ogre · age_up feudal |
| 10:13 | major_myth · age_up feudal |
| 10:42 | Ogre · first_building Archery Range |
| 10:45 | rhinodog · first_building Barracks |
| 10:57 | Mushu · wall_segment Palisade Wall x3 |
| 11:16 | Mushu · age_up feudal |
| 11:19 | Mushu · wall_segment Palisade Wall x1 |
| 11:21 | Mushu · wall_segment Palisade Wall x3 |
| 11:24 | Mushu · wall_segment Palisade Wall x1 |
| 11:27 | Mushu · wall_segment Palisade Wall x1 |
| 11:29 | Rooster · age_up feudal |
| 11:29 | Mushu · wall_segment Palisade Wall x1 |
| 11:29 | rhinodog · wall_segment Palisade Wall x1 |
| 11:37 | rhinodog · wall_segment Palisade Wall x1 |
| 11:46 | Mushu · wall_segment Stone Wall x7 |
| 11:46 | Bonkershealer · age_up feudal |
| 11:51 | Mushu · wall_segment Stone Wall x1 |
| 11:53 | Mushu · wall_segment Stone Wall x6 |
| 11:54 | Mushu · wall_segment Stone Wall x1 |
| 12:02 | rhinodog · wall_segment Palisade Wall x1 |
| 12:07 | rhinodog · age_up feudal |
| 12:13 | Mushu · first_building Donjon |
| 12:13 | rhinodog · first_building Stable |
| 12:33 | major_myth · wall_segment Stone Wall x2 |
| 12:38 | Mushu · wall_segment Stone Wall x1 |
| 12:39 | major_myth · wall_segment Stone Wall x10 |
| 12:40 | Mushu · wall_segment Stone Wall x2 |
| 12:41 | Mushu · wall_segment Stone Wall x1 |
| 12:43 | Mushu · wall_segment Stone Wall x4 |
| 12:44 | Mushu · wall_segment Stone Wall x1 |
| 12:44 | Mushu · wall_segment Stone Wall x1 |
| 12:54 | major_myth · wall_segment Stone Wall x6 |
| 12:55 | major_myth · wall_segment Stone Wall x2 |
| 13:10 | Bonkershealer · first_market_sell 100 wood |
| 13:12 | Bonkershealer · first_market_buy 100 food |
| 14:12 | Bonkershealer · wall_segment Palisade Wall x1 |
| 14:54 | Ogre · wall_segment Stone Wall x4 |
| 14:59 | Rooster · age_up castle |
| 15:07 | MembTV · wall_segment Palisade Wall x6 |
| 15:27 | Mushu · wall_segment Stone Wall x1 |
| 15:30 | TheBoogeyman · wall_segment Stone Wall x3 |
| 15:38 | Mushu · first_market_sell 100 stone |
| 15:53 | Bonkershealer · age_up castle |
| 15:57 | major_myth · wall_segment Palisade Wall x1 |
| 16:02 | rhinodog · age_up castle |
| 16:04 | rhinodog · first_building Siege Workshop |
| 16:33 | Bonkershealer · first_building Castle |
| 16:35 | MembTV · first_market_buy 100 food |
| 17:44 | Rooster · wall_segment Palisade Wall x1 |
| 17:45 | Rooster · wall_segment Palisade Wall x1 |
| 17:49 | Rooster · wall_segment Palisade Wall x1 |
| 17:49 | Rooster · wall_segment Palisade Wall x1 |
| 17:58 | Mushu · wall_segment Stone Wall x1 |
| 18:23 | Mushu · age_up castle |
| 18:59 | major_myth · first_building Stable |
| 19:12 | TheBoogeyman · wall_segment Stone Wall x13 |
| 19:18 | TheBoogeyman · wall_segment Stone Wall x1 |
| 19:21 | Ogre · first_market_buy 100 food |
| 19:23 | Mushu · wall_segment Stone Wall x5 |
| 19:30 | Mushu · wall_segment Stone Wall x4 |
| 19:32 | Rooster · first_building Siege Workshop |
| 19:35 | MembTV · wall_segment Palisade Wall x6 |
| 19:36 | Mushu · wall_segment Stone Wall x3 |
| 19:43 | Mushu · first_building Siege Workshop |
| 19:43 | Ogre · wall_segment Stone Wall x6 |
| 19:44 | MembTV · age_up castle |
| 19:46 | Bonkershealer · wall_segment Stone Wall x1 |
| 19:47 | Bonkershealer · wall_segment Stone Wall x1 |
| 19:50 | Bonkershealer · wall_segment Stone Wall x1 |
| 19:53 | Bonkershealer · wall_segment Stone Wall x1 |
| 19:53 | Ogre · wall_segment Stone Wall x7 |
| 19:55 | Bonkershealer · wall_segment Stone Wall x7 |
| 19:58 | MembTV · first_building Castle |
| 20:04 | MembTV · first_building Monastery |
| 20:12 | Ogre · wall_segment Stone Wall x1 |
| 20:15 | MembTV · first_building Barracks |
| 20:23 | Mushu · wall_segment Stone Wall x5 |
| 20:28 | Mushu · wall_segment Stone Wall x8 |
| 20:30 | MembTV · wall_segment Palisade Wall x2 |
| 20:33 | Mushu · wall_segment Stone Wall x1 |
| 20:34 | Mushu · wall_segment Stone Wall x1 |
| 20:34 | MembTV · wall_segment Palisade Wall x3 |
| 20:35 | Mushu · wall_segment Stone Wall x1 |
| 20:38 | MembTV · wall_segment Palisade Wall x4 |
| 20:41 | Mushu · first_building Barracks |
| 20:47 | major_myth · age_up castle |
| 20:56 | major_myth · first_market_buy 100 stone |
| 20:57 | rhinodog · first_building Dock |
| 20:57 | MembTV · wall_segment Palisade Wall x5 |
| 21:06 | MembTV · first_building Stable |
| 21:08 | Mushu · wall_segment Stone Wall x1 |
| 21:15 | Mushu · wall_segment Stone Wall x8 |
| 21:45 | Rooster · first_building Monastery |
| 22:02 | Bonkershealer · wall_segment Stone Wall x2 |
| 22:04 | Bonkershealer · wall_segment Stone Wall x3 |
| 22:05 | Bonkershealer · wall_segment Stone Wall x2 |
| 22:07 | Ogre · age_up castle |
| 24:10 | TheBoogeyman · age_up castle |
| 24:33 | TheBoogeyman · first_building Castle |
| 24:43 | Mushu · wall_segment Stone Wall x1 |
| 24:46 | Mushu · wall_segment Stone Wall x1 |
| 24:54 | Rooster · first_market_sell 100 food |
| 24:54 | MembTV · first_market_sell 100 food |
| 25:01 | Ogre · wall_segment Stone Wall x16 |
| 25:23 | Ogre · wall_segment Stone Wall x16 |
| 25:28 | Mushu · wall_segment Stone Wall x1 |
| 25:29 | Rooster · first_building Barracks |
| 25:30 | Mushu · wall_segment Stone Wall x1 |
| 25:32 | Mushu · wall_segment Stone Wall x1 |
| 25:37 | Mushu · wall_segment Stone Wall x1 |
| 25:38 | Mushu · wall_segment Stone Wall x1 |
| 26:04 | Mushu · wall_segment Stone Wall x2 |
| 26:07 | Ogre · wall_segment Stone Wall x9 |
| 26:08 | MembTV · first_building Siege Workshop |
| 26:17 | Mushu · wall_segment Stone Wall x1 |
| 26:35 | major_myth · first_building Monastery |
| 26:37 | Mushu · wall_segment Stone Wall x1 |
| 26:46 | Ogre · wall_segment Stone Wall x2 |
| 27:03 | Ogre · wall_segment Stone Wall x8 |
| 27:06 | major_myth · first_building Siege Workshop |
| 27:07 | Ogre · wall_segment Stone Wall x6 |
| 27:25 | Mushu · first_building Castle |
| 27:30 | rhinodog · first_building Castle |
| 27:38 | Mushu · first_market_buy 100 food |
| 28:07 | Bonkershealer · wall_segment Stone Wall x14 |
| 28:13 | major_myth · first_market_sell 100 wood |
| 28:20 | rhinodog · wall_segment Stone Wall x3 |
| 28:28 | Rooster · first_building Castle |
| 28:31 | Rooster · age_up imperial |
| 28:40 | rhinodog · first_building Archery Range |
| 29:03 | major_myth · wall_segment Stone Wall x1 |
| 29:38 | Ogre · first_building Stable |
| 30:12 | Bonkershealer · wall_segment Stone Wall x11 |
| 30:23 | Rooster · first_market_buy 100 stone |
| 30:46 | rhinodog · age_up imperial |
| 31:14 | rhinodog · first_market_sell 500 food |
| 31:52 | MembTV · age_up imperial |
| 31:55 | major_myth · age_up imperial |
| 32:02 | Bonkershealer · wall_segment Stone Wall x8 |
| 32:29 | Mushu · first_building Stable |
| 32:30 | Bonkershealer · first_building Barracks |
| 32:45 | TheBoogeyman · first_building Siege Workshop |
| 32:54 | TheBoogeyman · first_building Barracks |
| 33:21 | Bonkershealer · wall_segment Stone Wall x12 |
| 33:35 | MembTV · first_building Archery Range |
| 34:19 | Bonkershealer · first_building Archery Range |
| 35:00 | Bonkershealer · wall_segment Stone Wall x1 |
| 35:28 | Mushu · age_up imperial |
| 36:04 | Bonkershealer · first_building Siege Workshop |
| 36:22 | Bonkershealer · wall_segment Stone Wall x1 |
| 36:35 | Bonkershealer · first_building Stable |
| 36:59 | Bonkershealer · wall_segment Stone Wall x11 |
| 37:06 | Bonkershealer · wall_segment Stone Wall x12 |
| 37:10 | Bonkershealer · age_up imperial |
| 37:49 | TheBoogeyman · age_up imperial |
| 38:36 | Bonkershealer · wall_segment Stone Wall x5 |
| 38:38 | Bonkershealer · wall_segment Stone Wall x2 |
| 39:07 | Rooster · tribute_sent a jugador 1 |
| 39:07 | Rooster · tribute_sent a jugador 2 |
| 39:07 | Rooster · tribute_sent a jugador 3 |
| 39:07 | Rooster · tribute_sent a jugador 4 |
| 39:07 | Rooster · tribute_sent a jugador 5 |
| 39:07 | Rooster · tribute_sent a jugador 7 |
| 39:07 | Rooster · tribute_sent a jugador 8 |
| 39:48 | Bonkershealer · wall_segment Stone Wall x11 |
| 40:14 | TheBoogeyman · resign |
| 41:12 | Ogre · wall_segment Stone Wall x1 |
[ ANÁLISIS IA · 1 CRÉDITO ]
¿Qué pasó realmente en esta partida?
Wolo.gg analiza cada decisión: build order, eco, micro, errores típicos por bracket. Análisis personalizado por WhatsApp o Discord en 30 segundos.
Guía civ
Búlgaros
Perfil
Jugador #792427